woodfighter, chaotic female orcish Cavewoman ---- --------- .. |.......| ------ -.. ..<.....| |....| +.. |.......| |....| |.. |.......| ||------|.. |.......| |.|..|..|.. ----.---- --+--.|.(|..|.. + -+--..{.)-|-|..|a------ |.........*...-|-.a@....| --+-- ----|--.h....|..@.| |..|--|--------- |"?|....| |%?|..%.| ---..---- .. --- woodfighter the Young Cave Woman Experience level: 7 Strength: 18/01 Dexterity: 15 Constitution: 18 Intelligence: 7 Wisdom: 8 Charisma: 8 Health: 0(64) Energy: 27(27) Def: 2 Gold: 97 Moves: 2633 Dungeon seed: NQA2GA37OmV9Xwjc Game ID: woodfighter_1476523434 Your Inventory: Coins $ - 97 gold pieces Amulets x - an uncursed amulet of magical breathing Weapons a - a blessed +1 club (weapon in hand) b - a +2 sling (alternate weapon; not wielded) Armor n - an uncursed +0 dwarvish cloak q - an uncursed +0 leather armor (being worn) r - an uncursed +0 dwarvish cloak z - an uncursed +0 dwarvish cloak (being worn) Comestibles c - 7 uncursed food rations o - an uncursed lembas wafer Rings i - a cursed ring of teleportation w - an uncursed +1 ring of gain constitution Wands l - a wand of enlightenment (0:15) Tools p - a +0 pick-axe s - an uncursed bag of holding u - an uncursed stethoscope Gems y - an uncursed luckstone Contents of the bag of holding: an uncursed scroll of genocide an uncursed scroll of scare monster Spells and supernatural/magical abilities: Name Level Category Fail Memory W - pray for help -- divine ? -- Your skills at the end: Miscellaneous Skills bare handed combat [Basic] Weapon Skills scimitar [Basic] club [Basic] sling [Basic] Spellcasting Skills Final Attributes: You were piously aligned. You were poison resistant. You were telepathic. You had infravision. You were very stealthy. You were fast. You were lucky. You had extra luck. Bad luck did not time out for you. Good luck did not time out for you. You are dead. Vanquished creatures: a small mimic a dwarf king a water nymph a wood nymph a rock piercer 3 gnome lords 4 gnomish wizards 4 giant ants 3 floating eyes 4 dwarves a kobold lord 2 iguanas 3 jitterbugs a giant bat 3 monkeys a gas spore 2 hobbits 4 giant rats a red mold 16 gnomes 5 manes 3 jackals 4 kobolds 4 newts 2 bats 2 lichens a kobold zombie 78 creatures vanquished. Voluntary challenges: You did not adorn yourself with jewelry or accessories. You did not cause conflict. You were not invisible. You did not have reflection. You were not displaced. You had been an atheist until turn 2613. You used a wielded weapon 104 times, starting on turn 102. You did not apply a unicorn horn. You did not use plumbed fixtures. You did not drink any magical draughts. You read items or engraved 1 time, starting on turn 2143. You never genocided any monsters. You never polymorphed an object. You never changed form. You used no wishes. You never split a pudding. You never wrote Elbereth's name. You never violated your personal moral code. Dungeon overview: The Dungeons of Doom: levels 1 to 3 Level 1 a fountain a long staircase Level 2 a jewelry store Level 3 (l) stairs to The Gnomish Mines The Gnomish Mines: levels 4 to 6 Level 4 stairs to The Dungeons of Doom Level 5 Level 6 <- You were here a general store, a temple to Anshar, a magic chest, a fountain History has recorded: On T:1 you entered the Dungeons of Doom to retrieve the Amulet of Yendor! On T:111 you reached level 2 of The Dungeons of Doom. On T:462 you advanced to experience level 2. On T:559 you reached level 3 of The Dungeons of Doom. On T:837 you advanced to experience level 3. On T:883 you reached level 1 of The Gnomish Mines. On T:1237 you advanced to experience level 4. On T:1392 you advanced to experience level 5. On T:1681 you reached level 2 of The Gnomish Mines. On T:2162 you advanced to experience level 6. On T:2321 you reached level 3 of The Gnomish Mines. On T:2591 you entered the Minetown temple On T:2596 you advanced to experience level 7. Score breakdown: Gold: 97 ( 9 points) Experience: 7 levels ( 600 points) Exploration: 6 levels ( 150 points) Discoveries: 10 items ( 500 points) Variety of kills: 27 monsters ( 1350 points) Major goal: reached Minetown ( 500 points) Survival: died (score multiplied by 3) Total score: 9327 Latest messages: The flint hits the dwarf. The flint hits the soldier ant. The flint hits the soldier ant. The flint hits the soldier ant. The flint hits the soldier ant. The flint hits the soldier ant. The flint hits the soldier ant! You have no ammunition readied! Never mind. You are now wielding your club. b - a +2 sling (alternate weapon; not wielded). The soldier ant bites! The soldier ant stings! The soldier ant bites! The soldier ant stings! The soldier ant bites! The soldier ant stings! You die... Final status: Goodbye woodfighter the Cavewoman, killed by a soldier ant... You died in The Gnomish Mines on dungeon level 6 with 9327 points, and 97 pieces of gold, after 2633 moves. You were level 7 with a maximum of 64 hit points when you died.